 Dungeon Crawl Stone Soup version 0.27.0-1-g7a089689b8 (webtiles) character file.

Game seed: 5167346873154775634

78326 wakim the Grappler (level 15, -6/131 HPs)
             Began as a Troll Gladiator on Aug 8, 2021.
             Was the Champion of Hepliaklqana.
             Mangled by an orc warlord (34 damage)
             ... on level 2 of the Orcish Mines.
             The game lasted 01:16:37 (24445 turns).

wakim the Grappler (Troll Gladiator)               Turns: 24445, Time: 01:16:37

Health: -6/131     AC:  8    Str: 26    XL:     15   Next: 17%
Magic:  19/19      EV: 14    Int: 12    God:    Hepliaklqana [******]
Gold:   1978       SH: 12    Dex: 14    Spells: 14/14 levels left

rFire    + . .     SeeInvis +   b - +3 sling "Punk" {acid, rCorr}
rCold    + . .     Faith    .   m - +0 kite shield
rNeg     . . .     Spirit   .   t - +2 robe {rC+ rF+}
rPois    .         Reflect  .   q - +1 hat
rElec    +         Harm     .   d - +0 cloak
rCorr    +         Rampage  .   (gloves unavailable)
Will     +....                  (boots unavailable)
Stlth    +.........             Q - amulet of the acrobat
HPRegen  1.31/turn              U - ring "Dezeuthe" {rElec Int+6 SInv}
MPRegen  0.16/turn              g - +4 ring of slaying

@: about to teleport
A: reduced essence, large, unfitting armour, claws 3, regeneration 1, shaggy fur
1, tough skin 1
a: Renounce Religion, Recall Ancestor, Ancestor Identity, Transference, Idealise


You were on level 2 of the Orcish Mines.
You worshipped Hepliaklqana.
Hepliaklqana was exalted by your worship.
You visited 4 branches of the dungeon, and saw 22 of its levels.
You also visited: Sewer and Ice Cave.

You collected 2090 gold pieces.
You spent 112 gold pieces at shops.

Inventory:

Hand Weapons
 b - the +3 sling "Punk" (weapon) {acid, rCorr}
   (You found it on level 13 of the Dungeon)

   Any ammunition fired from it is coated in acid, damaging and corroding those
   it strikes.
   rCorr:     It protects you from acid and corrosion.
 y - the +10 hunting sling of Vigef {freeze, Str+3}
   (You found it on level 6 of the Dungeon)

   Any ammunition fired from it freezes those it strikes, dealing additional
   cold damage.
   It can also slow down cold-blooded creatures.
   Str:       It affects your strength (+3).
Missiles
 c - 5 throwing nets {=f!f}
 f - 106 poisoned darts
 j - a curare-tipped dart {=f}
 s - 77 sling bullets (quivered ammo)
 C - 40 boomerangs
 G - 5 javelins
Armour
 d - a +0 cloak (worn)
 l - a +0 tower shield
 m - a +0 kite shield (worn)
 q - a +1 hat (worn)
 t - a +2 robe of resistance (worn)
 u - the +2 robe of Beoq {Will+}
   (You found it on level 6 of the Dungeon)

   Will:      It increases your willpower.
 P - a +0 troll leather armour
Jewellery
 e - a +4 ring of evasion
 g - a +4 ring of slaying (right claw)
 h - a ring of ice
 i - a ring of flight
 n - a +4 ring of protection
 o - a ring of fire
 Q - an amulet of the acrobat (around neck)
 U - the ring "Dezeuthe" (left claw) {rElec Int+6 SInv}
   (You found it on level 6 of the Lair of Beasts)

   [ring of intelligence]

   Int:       It affects your intelligence (+6).
   rElec:     It insulates you from electricity.
   SInv:      It lets you see invisible.
Wands
 k - a wand of iceblast (31)
 v - a wand of flame (62)
 w - a wand of acid (15)
 x - a wand of charming (2)
Scrolls
 a - 3 scrolls of enchant armour
 p - 2 scrolls of amnesia
 r - 7 scrolls of identify
 z - a scroll of brand weapon
 R - 5 scrolls of magic mapping {!r}
 S - a scroll of summoning
 T - 8 scrolls of teleportation
 V - 5 scrolls of vulnerability {!r!r}
 Y - 4 scrolls of blinking {!r}
Potions
 A - a potion of ambrosia
 B - 2 potions of attraction {!q}
 D - 9 potions of brilliance
 E - a potion of cancellation
 F - 5 potions of curing
 H - 3 potions of haste
 I - 3 potions of invisibility
 J - 4 potions of heal wounds
 K - a potion of magic
 L - 4 potions of lignification {!q}
 M - 4 potions of mutation {!q}
 N - 2 potions of might
 O - 5 potions of resistance


   Skills:
 + Level 9.0 Fighting
 + Level 0.2(4.5) Slings
 + Level 9.7 Throwing
 + Level 10.4 Dodging
 * Level 9.7 Shields
 * Level 14.4 Unarmed Combat
 * Level 7.4 Invocations


You had 14 spell levels left.
You didn't know any spells.
Your spell library contained the following spells:

 Spells                   Type           Power      Damage    Failure   Level
 Apportation              Tloc           0%         N/A       32%         1
 Foxfire                  Conj/Fire      0%         2x1d4     32%         1
 Magic Dart               Conj           0%         1d3       32%         1
 Pain                     Necr           0%         1d4       32%         1
 Sting                    Tmut/Pois      0%         1d3       32%         1
 Corpse Rot               Necr/Air       N/A        N/A       45%         2
 Passwall                 Tmut/Erth      0%         N/A       45%         2
 Poisonous Vapours        Pois/Air       0%         N/A       45%         2
 Searing Ray              Conj           0%         3d3       45%         2
 Slow                     Hex            0%         N/A       45%         2
 Confusing Touch          Hex            0%         N/A       69%         3
 Conjure Flame            Conj/Fire      0%         6-21      69%         3
 Ignite Poison            Fire/Tmut/Pois 0%         N/A       69%         3
 Inner Flame              Hex/Fire       0%         N/A       69%         3
 Mephitic Cloud           Conj/Pois/Air  0%         N/A       69%         3
 Stone Arrow              Conj/Erth      0%         3d7       69%         3
 Swiftness                Air            0%         N/A       69%         3
 Animate Dead             Necr           0%         N/A       97%         4
 Dispel Undead            Necr           0%         3d6       97%         4
 Fulminant Prism          Conj/Hex       0%         3d6       97%         4
 Iskenderun's Mystic Bla  Conj/Tloc      0%         2d3       97%         4
 Leda's Liquefaction      Hex/Erth       0%         N/A       97%         4
 Olgreb's Toxic Radiance  Pois           0%         N/A       97%         4
 Agony                    Necr           0%         N/A       100%        5
 Alistair's Intoxication  Tmut/Pois      0%         N/A       100%        5
 Bolt of Magma            Conj/Fire/Erth 0%         4d4       100%        5
 Borgnjor's Vile Clutch   Necr/Erth      0%         N/A       100%        5
 Excruciating Wounds      Necr           0%         N/A       100%        5
 Lee's Rapid Deconstruct  Erth           0%         3d5*      100%        5
 Yara's Violent Unravell  Hex/Tmut       0%         3d3       100%        5
 Death Channel            Necr           0%         N/A       100%        6
 Invisibility             Hex            0%         N/A       100%        6
 Statue Form              Tmut/Erth      0%         N/A       100%        6
 Shatter                  Erth           0%         3d5*      100%        9


Dungeon Overview and Level Annotations

Branches:
Dungeon (13/15)            Temple (1/1) D:7            Lair (6/6) D:8
 Shoals (0/4) Lair:4       Spider (0/4) Lair:3        Slime (0/5) Lair:6
    Orc (2/2) D:12            Elf (0/3) Orc:2        Vaults (0/5) D:13
  Sewer (visited)           IceCv (visited)

Altars:
Ashenzari
Cheibriados
Dithmenos
Elyvilon
Fedhas
Gozag
Hepliaklqana
Kikubaaqudgha
Makhleb
Nemelex Xobeh
Okawaru
Qazlal
Ru
Sif Muna
Trog
Uskayaw
Vehumet
Wu Jian
Xom
Yredelemnul
Zin
The Shining One
Beogh

Shops:
D:4 *   D:8 (   D:12 =


Innate Abilities, Weirdness & Mutations

Your life essence is reduced to manifest your ancestor. (-10% HP)
You are too large for most types of armour.
You have claws for hands.
Your natural rate of healing is unusually fast.
You are covered in fur. (AC +1)
You have tough skin. (AC +1)


Message History

The sling bullet hits the orc warrior.
The orc warrior is splashed with acid.
The orc warrior seems to be corroded for longer.
The orc warrior is moderately wounded.
The orc priest seems less drained.
Fire: 78 sling bullets
Press: ? - help, Q - select action, (/) - cycle Shift-Dir - straight line, f/p - orc warlord
Aim: an orc warlord, wielding a +0 arbalest, wearing a +4 chain mail of positive energy and quivering bolts (lightly wounded, very poisoned, covered in acid, 75% to hit)
You shoot a sling bullet. The sling bullet hits the orc warlord!
The orc warlord is splashed with acid.
The orc warlord is moderately wounded.
The orc priest no longer looks unusually strong.
The orc warlord unwields a +0 arbalest.
The orc warlord wields a +1 vorpal glaive.
You block the orc warlord's attack.
The +3 sling "Punk" {acid, rCorr} stops oozing corrosive slime.
You are now empty-clawed.
The orc warrior no longer looks unusually strong.
The orc wizard no longer looks unusually strong.
You completely miss the orc warlord.
The orc warlord is moderately wounded.
The orc warlord roars a battlecry!
The orcs go into a battle-frenzy!
As you read the scroll of teleportation, it crumbles to dust.
You feel strangely unstable. The orc warlord completely misses you.
You barely miss the orc warlord.
The orc warlord is moderately wounded.
The orc warlord hits you with a +1 vorpal glaive!!
* * * LOW HITPOINT WARNING * * *
* * * LOW HITPOINT WARNING * * *
You feel much better.
The orc warlord hits you with a +1 vorpal glaive!
* * * LOW HITPOINT WARNING * * *
* * * LOW HITPOINT WARNING * * *
You scratch the orc warlord.
The orc warlord is moderately wounded.
Unknown command.
The +3 sling "Punk" {acid, rCorr} begins to ooze corrosive slime!
b - the +3 sling "Punk" (weapon)
{acid, rCorr} The orc warlord hits you with a +1 vorpal glaive!!
You die...

#.....# #.#####'###.###'##.
.....##...##.......#..........
#.....#...#####....#.##'##)...
#.....##..##..#....#.#...#....
#......#...#..'......#...#....
... #.........#).#.####.#####)###
8..o##).......####.#..#.....))...
...o8).o8...8o####.)..#....)####)
_.o...)....ooooo@..#..#..⌠..#..#.
...o8...8)..8o####.####)....#..'.
8...##.......o####.....)....#..#.
...##.....)...#..####)#####.####.
..##......#...#..'..).#...#......
## #.....##..##..#....#...#.#####
#.....#...#####....##'##.# ###
#.....##...##.......)..)..###.#
#..... ...##.#####'###.###..##


You could see an orc warlord (very poisoned, corroded), an orc warrior (strong,
corroded), an orc priest (strong), 2 orc wizards and 2 orcs.

Vanquished Creatures
  2 orc warlords (D:12)
  A dire elephant (Lair:6)
  Josephine (Lair:5)
  Snorg (Lair:3)
  4 hydras
  2 boulder beetles (D:9)
  A catoblepas (Lair:6)
  11 two-headed ogres
  2 ogre magi
  A centaur warrior (D:13)
  3 death yaks (Lair:6)
  A deep troll shaman (Lair:6)
  3 deep elf pyromancers
  2 orc knights
  3 orc sorcerers (Orc:2)
  Pikel (D:3)
  3 ugly things
  2 cyclopes
  A salamander (shapeshifter) (D:12)
  3 slime creatures (D:12)
  2 ice statues (IceCv)
  4 manticores
  5 black mambas
  14 elephants
  2 rime drakes
  A gargoyle (D:11)
  12 komodo dragons
  An unseen horror (D:11)
  2 entropy weaver simulacra (IceCv)
  6 cane toads
  A tengu conjurer (D:9)
  3 ice devils (IceCv)
  3 anaconda simulacra (IceCv)
  4 trolls
  A wind drake (Lair:4)
  4 polar bears
  3 hornets (D:9)
  10 blink frogs
  2 shadows
  A vampire (D:12)
  6 wraiths
  4 wyverns
  3 dire elephant simulacra (IceCv)
  Eustachio (D:4)
  A basilisk (D:8)
  26 yaks
  Grum (D:8)
  2 steam dragons
  2 harpy simulacra (IceCv)
  2 wargs
  An acid dragon (D:9)
  9 water moccasins
  31 orc warriors
  5 black bears
  2 necrophages
  12 ogres
  21 wolves
  A boggart (D:13)
  10 centaurs
  A lemure (D:4)
  A phantom (D:5)
  6 kobold brigands
  9 bullfrogs
  8 scorpions
  A gnoll sergeant (D:13)
  10 killer bees
  6 howler monkeys
  8 jellies
  6 wights
  A bullfrog zombie (D:6)
  3 centaur zombies
  19 orc priests
  A gnoll shaman (D:6)
  5 hounds
  A centaur skeleton (D:5)
  4 iguanas
  17 orc wizards
  4 hell rats (Lair:6)
  2 troll simulacra (IceCv)
  A killer bee zombie (D:7)
  A polar bear simulacrum (IceCv)
  A wolf simulacrum (IceCv)
  A howler monkey skeleton (D:7)
  A howler monkey zombie (D:5)
  8 gnolls
  A naga simulacrum (IceCv)
  14 adders
  3 river rats
  2 shadow imps
  A white imp (D:7)
  An ufetubus (D:6)
  5 worms
  101 orcs
  13 ball pythons
  11 endoplasms
  7 giant cockroaches
  8 goblins
  12 hobgoblins
  6 jackals
  7 quokkas
  8 bats
  2 frilled lizards
  15 kobolds
  9 rats
621 creatures vanquished.

Vanquished Creatures (collateral kills)
  A reaper (IceCv)
  3 hydras
  A two-headed ogre (D:10)
  An ugly thing (D:13)
  An elephant (Lair:3)
  A black mamba (Lair:5)
  An unseen horror (D:10)
  3 cane toads
  3 komodo dragons
  A troll (D:12)
  A hornet (D:10)
  3 blink frogs (Lair:5)
  A wraith (Lair:5)
  A wyvern (Lair:6)
  2 yaks (Lair:1)
  A basilisk (Lair:6)
  A warg (Orc:1)
  2 water moccasins
  4 orc warriors
  4 wolves
  2 centaurs
  3 bullfrogs
  A killer bee (D:9)
  A howler monkey (D:11)
  4 orc priests
  2 orc wizards (Orc:1)
  A spriggan simulacrum (IceCv)
  An adder (Lair:3)
  17 orcs
  A kobold (D:13)
69 creatures vanquished.

Vanquished Creatures (others)
  6 ancestors
  25 hexers
  A quokka (D:9)
  37 fungi
  37 plants
106 creatures vanquished.

Grand Total: 796 creatures vanquished

Notes
Turn   | Place    | Note
-------+----------+-------------------------------------------
     0 | D:1      | wakim the Troll Gladiator began the quest for the Orb.
     0 | D:1      | Reached XP level 1. HP: 19/19 MP: 0/0
   140 | D:1      | Reached XP level 2. HP: 28/28 MP: 1/1
   641 | D:2      | Reached XP level 3. HP: 35/35 MP: 2/2
   913 | D:2      | Reached XP level 4. HP: 42/42 MP: 3/3
  1200 | D:2      | Reached skill level 4 in Unarmed Combat
  1533 | D:2      | Found a faded altar of an unknown god.
  1909 | D:3      | Reached XP level 5. HP: 47/47 MP: 4/4
  1952 | D:3      | Found a glowing drain.
  1956 | Sewer    | Entered a sewer
  2369 | D:3      | Reached XP level 6. HP: 59/59 MP: 5/5
  3024 | D:4      | Noticed Eustachio
  3179 | D:4      | Killed Eustachio
  3180 | D:4      | Reached skill level 5 in Unarmed Combat
  3303 | D:4      | Found Zohael's Assorted Antiques.
  3343 | D:4      | Noticed Pikel
  3532 | D:3      | Killed Pikel
  3533 | D:3      | Reached XP level 7. HP: 67/67 MP: 6/6
  3917 | D:4      | Bought a scroll labelled JITSEZ IZXYAMIY for 28 gold pieces
  3917 | D:4      | Bought a scroll labelled ZOPPIB TUADGHE for 28 gold pieces
  3917 | D:4      | Bought a scroll of identify for 56 gold pieces
  4025 | D:4      | Reached skill level 6 in Unarmed Combat
  4030 | D:4      | Reached skill level 5 in Dodging
  4049 | D:4      | Found an opulent altar of Gozag.
  4050 | D:4      | Found an ancient bone altar of Kikubaaqudgha.
  4052 | D:4      | Found a hide-covered altar of Uskayaw.
  4339 | D:4      | Reached XP level 8. HP: 75/75 MP: 7/7
  4454 | D:5      | Entered Level 5 of the Dungeon
  5014 | D:5      | Reached skill level 7 in Unarmed Combat
  5418 | D:6      | Identified the +10 hunting sling of Vigef {freeze, Str+3}
  5856 | D:6      | Reached XP level 9. HP: 81/84 MP: 8/8
  6024 | D:6      | Identified the +2 robe of Beoq {Will+}
  6391 | D:6      | You are sucked into a shaft and drop 1 floor!
  6654 | D:7      | Found a staircase to the Ecumenical Temple.
  6677 | D:7      | Reached skill level 5 in Throwing
  6687 | D:7      | Reached skill level 8 in Unarmed Combat
  6709 | Temple   | Entered the Ecumenical Temple
  6906 | Temple   | Became a worshipper of Hepliaklqana the Forgotten
  7527 | D:8      | Found a shadowy altar of Dithmenos.
  7655 | D:8      | Noticed Grum
  7659 | D:8      | Killed Grum
  7674 | D:8      | Reached skill level 5 in Fighting
  7764 | D:8      | Reached XP level 10. HP: 96/96 MP: 9/9
  7786 | D:8      | Found a blossoming altar of Fedhas.
  7858 | D:8      | Reached skill level 9 in Unarmed Combat
  7863 | D:8      | Found Epnoitesch's Weapon Shoppe.
  8142 | D:8      | Found a staircase to the Lair.
  8266 | D:9      | Reached * piety under Hepliaklqana
  8275 | D:9      | Reached skill level 1 in Shields
  8304 | D:9      | Found a white marble altar of Elyvilon.
  8308 | D:9      | Noticed a manticore
  8323 | D:9      | HP: 4/86 [manticore/volley of spikes (21)]
  8327 | D:9      | Killed a manticore
  8528 | D:9      | Paralysed by a hornet for 3 turns
  8897 | D:9      | Noticed a boulder beetle
  8920 | D:9      | Killed a boulder beetle
  9104 | D:9      | Noticed a cyclops
  9128 | D:9      | Paralysed by a hornet for 3 turns
  9129 | D:9      | Noticed a boulder beetle
  9456 | D:9      | Found a bloodstained altar of Trog.
  9487 | D:9      | Found a glowing silver altar of Zin.
  9565 | D:9      | Reached skill level 10 in Unarmed Combat
  9728 | D:9      | Killed a boulder beetle
  9729 | D:9      | Reached XP level 11. HP: 51/94 MP: 10/10
  9962 | D:10     | Entered Level 10 of the Dungeon
  9967 | D:10     | Found a basalt altar of Yredelemnul.
 10000 | D:10     | Noticed a two-headed ogre
 10057 | D:10     | You are sucked into a shaft and drop 3 floors!
 10061 | D:13     | Noticed a two-headed ogre
 10120 | D:12     | Reached ** piety under Hepliaklqana
 10121 | D:12     | Remembered your ancestor Kendra as a hexer
 10662 | D:10     | Paralysed by a hornet for 2 turns
 10751 | D:10     | Killed a two-headed ogre
 10760 | D:10     | Found an iron altar of Okawaru.
 10870 | D:10     | Noticed a two-headed ogre
 10895 | D:10     | Reached skill level 5 in Shields
 10903 | D:10     | Killed a two-headed ogre
 11613 | Lair:1   | Entered Level 1 of the Lair of Beasts
 11681 | Lair:1   | Reached skill level 11 in Unarmed Combat
 11719 | Lair:1   | Reached *** piety under Hepliaklqana
 11856 | Lair:1   | You are sucked into a shaft and drop 1 floor!
 11904 | Lair:2   | Noticed a six-headed hydra
 11911 | Lair:2   | Killed a six-headed hydra
 11941 | Lair:2   | Reached XP level 12. HP: 98/103 MP: 11/11
 12244 | Lair:2   | Found a frozen archway.
 12265 | IceCv    | Entered an ice cave
 13062 | IceCv    | Noticed a reaper
 13091 | IceCv    | Killed a reaper
 13092 | IceCv    | Reached skill level 12 in Unarmed Combat
 13583 | Lair:2   | Reached **** piety under Hepliaklqana
 13959 | Lair:1   | Noticed a four-headed hydra
 13965 | Lair:1   | Killed a four-headed hydra
 13994 | Lair:1   | Reached skill level 1 in Invocations
 14663 | Lair:3   | Found a hole to the Spider Nest.
 14822 | Lair:3   | Reached XP level 13. HP: 111/111 MP: 13/13
 15097 | Lair:3   | Noticed Snorg
 15110 | Lair:3   | Killed Snorg
 15359 | Lair:4   | Found a staircase to the Shoals.
 15993 | Lair:4   | Reached ***** piety under Hepliaklqana
 16617 | Lair:5   | Reached skill level 13 in Unarmed Combat
 16826 | Lair:5   | Noticed Josephine
 16889 | Lair:5   | Killed Josephine
 17597 | Lair:6   | Entered Level 6 of the Lair of Beasts
 17955 | Lair:6   | Found a staircase to the Slime Pits.
 18222 | Lair:6   | Reached XP level 14. HP: 122/122 MP: 16/16
 18352 | Lair:6   | Reached skill level 5 in Invocations
 18825 | Lair:6   | Reached skill level 10 in Dodging
 19075 | Lair:6   | Identified the ring "Dezeuthe" {rElec Int+6 SInv}
 20158 | D:12     | Found a staircase to the Orcish Mines.
 20253 | D:12     | Found Cepud's Jewellery Emporium.
 20992 | D:13     | Identified the +1 mace of Dav Mets {speed, rElec Will+
                  | Int+2}
 21110 | D:13     | Found the +3 sling "Punk" {acid, rCorr}
 21156 | D:13     | Reached ****** piety under Hepliaklqana
 21351 | Orc:1    | Entered Level 1 of the Orcish Mines
 21361 | Orc:1    | Noticed an orc warlord
 21367 | Orc:1    | Noticed an orc warlord
 21423 | D:12     | Reached skill level 14 in Unarmed Combat
 21486 | D:12     | HP: 6/123 [two-headed ogre (19)]
 21818 | D:12     | Killed an orc warlord
 22069 | D:12     | Killed an orc warlord
 22835 | Orc:2    | Entered Level 2 of the Orcish Mines
 23076 | D:13     | Reached XP level 15. HP: 118/130 MP: 19/19
 23133 | D:13     | Identified the +1 whip of the Hills {protect, rElec rPois
                  | rC- Will+++}
 23227 | D:13     | Found a gate to the Vaults.
 24222 | Orc:2    | Found a staircase to the Elven Halls.
 24360 | Orc:2    | Paralysed by an orc sorcerer for 7 turns
 24400 | Orc:2    | Noticed an orc warlord
 24445 | Orc:2    | Mangled by an orc warlord

Illustrated notes

Levels and vault maps discovered:
D:1:      lightli_arrival_boilingwater, layout_loops_ring
D:2:      layout_loops_corners, dreamdust_ecumenical_altar_angels_and_demons
D:3:      layout_basic, gup_sewer_entry_spiral, grunt_ministairs_3, fountainhead
D:4:      layout_loops_corners, grunt_temple_overflow_open, serial_shops,
          nicolae_stop_n_shop_1, uniq_eustachio, uniq_pikel
D:5:      layout_basic, st_stairs_3
D:6:      layout_loops_ring
D:7:      layout_basic, minmay_temple_entry_tees
D:8:      layout_loops_ring, mainiacjoe_overflow_paths,
          mainiacjoe_overflow_catwalk, grunt_lair_entry_orc_guard_hut,
          serial_shops, nicolae_shop_stone, kennysheep_generic_room_11,
          uniq_grum
D:9:      layout_loops_corners, mainiacjoe_overflow_two_lobes, elyvilon_altar_4,
          minmay_pinched_square
D:10:     layout_layer_cave, mainiacjoe_overflow_tiny_flanked,
          okawaru_gym_becter
D:11:     layout_roguey, nicolae_benzene_ring
D:12:     layout_loops_ring, orc_0_dummy, serial_shops, nicolae_take_the_stairs
D:13:     layout_cave_pools, hangedman_vaults_entry_quadrant_bands
Temple:   hc_temple_tempest_star
Lair:1:   layout_regular_city
Lair:2:   layout_layer_cave, portal_ice_cave_entry_pillars_1,
          lemuel_old_faithful, grunt_megastairs_3
Lair:3:   layout_roguey, nicolae_spider_entry_non_spiders,
          cheibrodos_lair_reptile_den, uniq_snorg
Lair:4:   layout_loops_ring, minmay_shoals_entry_beasts, lemuel_fruit_tree
Lair:5:   layout_small_grid, lemuel_fruit_fields, infiniplex_staircase_pool_2,
          uniq_josephine
Lair:6:   grunt_lair_end_beastmaster, layout_cave_pods,
          nicolae_slime_entry_slimehenge
Orc:1:    nicolae_orc_accident_1, layout_diamond_mine, basic_altar
Orc:2:    pubby_orc_utopia, serial_shops

Skill      XL: |  1  2  3  4  5  6  7  8  9 10 11 12 13 14 15 |
---------------+----------------------------------------------+-----
Throwing       | 2 3 4 5 6 7 8 9 |  9.7
Fighting       | 2 3 4 5 6 7 8 9 |  9.0
Dodging        | 3 4 5 6 7 8 9 10 | 10.4
Unarmed Combat | 4 5 6 7 8 10 11 12 13 14 | 14.4
Shields        | 3 5 7 8 9 |  9.7
Invocations    | 1 4 7 |  7.4
Slings         | |  0.2

Action                   |  1- 3 |  4- 6 |  7- 9 | 10-12 | 13-15 || total
-------------------------+-------+-------+-------+-------+-------++-------
Melee: Unarmed           |   107 |   217 |   335 |   503 |   964 ||  2126
       Punch             |     1 |     3 |    15 |     3 |       ||    22
 Fire: Hunting sling     |       |       |       |    23 |    27 ||    50
       Fustibalus        |       |       |       |       |    21 ||    21
Throw: Dart              |       |    12 |       |    32 |     1 ||    45
Invok: Recall Ancestor   |       |       |       |     3 |     8 ||    11
       Ancestor Life: He |       |       |       |     1 |       ||     1
       Transference      |       |       |       |     1 |     1 ||     2
       Idealise          |       |       |       |       |     1 ||     1
Evoke: Wand              |       |       |       |     3 |       ||     3
  Use: Scroll            |     3 |     6 |    10 |     9 |     6 ||    34
       Potion            |       |       |       |     4 |     3 ||     7
 Stab: Sleeping          |       |     1 |       |       |     1 ||     2
       Distracted        |       |       |       |     6 |     5 ||    11
       Confused          |       |       |       |     5 |    10 ||    15
       Petrified         |       |       |       |       |     3 ||     3
       Paralysed         |       |       |       |       |     8 ||     8
Armor: Robe              |    21 |    43 |    71 |    85 |   140 ||   360
       Steam dragon scal |       |       |     8 |       |       ||     8
Dodge: Dodged            |    57 |   144 |   243 |   279 |   560 ||  1283
Block: Kite shield       |       |       |       |   186 |   563 ||   749
